 Dungeon Crawl Stone Soup version 0.30-a0-174-gbc10bd73c2 (webtiles) character file.

Game seed: 9469594747129690450

183 qw the Chopper (level 5, -13/33 HPs)
             Began as a Gargoyle Fighter on Oct 1, 2022.
             Killed by divine providence
             ... invoked by an orc priest
              (15 damage)
             ... on level 3 of the Dungeon.
             The game lasted 00:00:50 (1986 turns).

qw the Chopper (Gargoyle Fighter)                   Turns: 1986, Time: 00:00:50

Health: -13/33     AC: 17    Str: 22    XL:     5   Next: 62%
Magic:  5/5        EV:  6    Int:  8    God:
Gold:   180        SH:  4    Dex:  9    Spells: 4/4 levels left

rFire   . . .      SeeInvis .    Y - +0 war axe
rCold   . . .      Faith    .    c - +0 buckler
rNeg    + . .      Spirit   .    i - +0 plate armour
rPois   inf        Reflect  .    j - +0 helmet
rElec   +          Harm     .    g - +0 cloak
rCorr   .          Rampage  .    (no gloves)
Will    .....                    (no boots)
Stlth   ..........               (no amulet)
HPRegen 0.25/turn                (no ring)
MPRegen 0.09/turn                (no ring)

@: no status effects
A: sickness immunity, AC +4, negative energy resistance 1, electricity
resistance, torment resistance 1, petrification resistance
a: no special abilities


You were on level 3 of the Dungeon.
You visited 1 branch of the dungeon, and saw 3 of its levels.

You collected 180 gold pieces.


Innate Abilities, Weirdness & Mutations

You are immune to sickness and miasma.
Your stone body is resilient. (AC +4)
You are immune to poison.
You resist negative energy. (rN+)
You are resistant to electric shocks. (rElec)
You are resistant to unholy torment.
You are immune to petrification.


   Skills:
 + Level 3.6 Fighting
 - Level 5.0 Axes
 - Level 3.2 Armour
 - Level 3.2 Shields


You had 4 spell levels left.
You didn't know any spells.
Your spell library was empty.

Inventory:

Hand Weapons
 b - a +1 flail of venom
 Y - a +0 war axe (weapon)
Armour
 c - a +0 buckler (worn)
 g - a +0 cloak (worn)
 i - a +0 plate armour (worn)
 j - a +0 helmet (worn)
Scrolls
 a - 2 scrolls of identify
Potions
 d - a potion of might
 e - a potion of magic {unknown}
 f - 2 potions of curing
 h - a potion of heal wounds {unknown}
 l - 2 potions of flight {unknown}

Dungeon Overview and Level Annotations

Branches:
Dungeon (3/15)

Altars:


Message History

The orc priest hits you from afar with a +0 trident.
The orc hits you from afar with a +0 trident.
The goblin hits you but does no damage.
You slash the goblin!
You kill the goblin!
The orc priest hits you but does no damage.
The orc throws a stone.
The stone hits you but does no damage. The orc priest barely misses you.
The orc hits you from afar with a +0 trident.
An orc comes into view. It is wielding a +0 flail.
The orc priest hits you with a +0 trident.
You see here a +0 dagger.
The orc shouts!
You hit the orc priest.
The orc priest is lightly wounded.
The orc hits you but does no damage. The orc priest closely misses you.
A goblin comes into view. It is wielding a +0 club.
You completely miss the orc priest.
The orc priest is lightly wounded.
The orc throws a stone.
The stone hits you but does no damage. You block the orc priest's attack.
The orc throws a stone.
The stone hits you but does no damage.
You hit the orc priest but do no damage.
The orc priest is lightly wounded.
The orc priest hits you but does no damage.
The orc throws a stone.
You block the stone.
An orc priest comes into view. It is wielding a +0 flail.
The orc priest hits you but does no damage.
The orc priest shouts!
You slash the orc priest!
The orc priest is heavily wounded.
You block the orc's attack.
The orc priest hits you with a +0 trident.
You barely miss the orc priest.
The orc priest is heavily wounded.
The orc hits you from afar with a +0 trident.
You block the orc priest's attack.
The orc priest calls down the wrath of Beogh upon you.
Beogh smites you!
You die...

###.#.####.##
#.'.............
###.............
#.)...........
#.)..........#
#.)..........## ..
....oo............##....
..............o.oogg.o..
...............)@# ###
...............).# #.#
.................# #.#
....<....#######.###.#
.........# #.#...#
#...### #.### #.# #.#


You could see 2 orc priests, 2 orcs and 2 goblins.

Vanquished Creatures
  Terence (D:2)
  Natasha (thrice) (D:2)
  2 adders (D:2)
  A worm (D:2)
  A dart slug (D:1)
  3 orcs (D:3)
  7 ball pythons
  4 bats
  6 endoplasms
  3 giant cockroaches
  3 goblins (D:3)
  7 hobgoblins
  5 kobolds
  2 quokkas
  2 frilled lizards
  5 rats
55 creatures vanquished.

Vanquished Creatures (others)
  3 fungi (D:2)
  A plant (D:1)
  5 toadstools (D:2)
9 creatures vanquished.

Grand Total: 64 creatures vanquished

Notes
Turn   | Place    | Note
-------+----------+-------------------------------------------
     0 | D:1      | qw the Gargoyle Fighter began the quest for the Orb.
     0 | D:1      | Reached XP level 1. HP: 14/14 MP: 1/1
     0 | D:1      | 0 ||| qw: Version: 0.2-a-13-gfc7b4b4
     0 | D:1      | 0 ||| qw: Game counter: 1872
     0 | D:1      | 0 ||| qw: Always use a shield: true
     0 | D:1      | 0 ||| qw: God list: Okawaru
     0 | D:1      | 0 ||| qw: Allow faded altars: false
     0 | D:1      | 0 ||| qw: Do Orc after D:15 true
     0 | D:1      | 0 ||| qw: Do second Lair branch before Depths: true
     0 | D:1      | 0 ||| qw: Lair rune preference: random
     0 | D:1      | 0 ||| qw: Plans: Normal, Zot:1-4, God:TSO, Crypt, Tomb,
                  | Pan, Slime:5, Hells, Abyss, Orb
     0 | D:1      | 0 ||| PLANNING D:1-11
    94 | D:1      | Reached skill level 2 in Axes
   127 | D:1      | 127 ||| Stepping ~*~*~tactically~*~*~ (stealth).
   131 | D:1      | Reached XP level 2. HP: 14/19 MP: 2/2
   209 | D:1      | 209 ||| Stepping ~*~*~tactically~*~*~ (stealth).
   210 | D:1      | 210 ||| Stepping ~*~*~tactically~*~*~ (stealth).
   261 | D:1      | 261 ||| Stepping ~*~*~tactically~*~*~ (hiding).
   428 | D:1      | You fall into a shaft and drop 1 floor!
   445 | D:2      | Reached skill level 3 in Axes
   469 | D:2      | Reached XP level 3. HP: 23/23 MP: 3/3
   490 | D:2      | 490 ||| UPGRADING to +0 plate armour.
   500 | D:2      | 500 ||| DROPPING +0 scale mail.
   501 | D:2      | 501 ||| READING scroll labelled COZYMA XYUSOUX.
   502 | D:2      | 502 ||| READING scroll labelled BEALYORPHAPH.
   505 | D:2      | 505 ||| READING scroll labelled VENIORCH IDIXO.
   510 | D:2      | 510 ||| DRINKING 2 clear potions.
   522 | D:2      | Noticed Terence
   539 | D:2      | Killed Terence
   540 | D:2      | Reached XP level 4. HP: 9/28 MP: 4/4
   619 | D:2      | 619 ||| DROPPING +0 mace.
  1004 | D:1      | 1004 ||| UPGRADING to +0 cloak.
  1009 | D:1      | 1009 ||| UPGRADING to +0 helmet.
  1069 | D:2      | Reached skill level 4 in Axes
  1138 | D:2      | Noticed Natasha
  1142 | D:2      | Killed Natasha
  1271 | D:2      | 1271 ||| Stepping ~*~*~tactically~*~*~ (stealth).
  1383 | D:2      | Noticed Natasha
  1385 | D:2      | 1385 ||| Stepping ~*~*~tactically~*~*~ (hiding).
  1388 | D:2      | 1388 ||| Stepping ~*~*~tactically~*~*~ (hiding).
  1394 | D:2      | Killed Natasha
  1395 | D:2      | Reached XP level 5. HP: 32/32 MP: 5/5
  1496 | D:2      | Noticed Natasha
  1503 | D:2      | Killed Natasha
  1595 | D:2      | Reached skill level 5 in Axes
  1741 | D:3      | 1741 ||| Stepping ~*~*~tactically~*~*~ (stealth).
  1829 | D:3      | HP: 7/32 [orc/+0 club (3)]
  1830 | D:3      | 1830 ||| READING scroll of teleportation.
  1964 | D:3      | 1964 ||| Stepping ~*~*~tactically~*~*~ (stealth).
  1966 | D:3      | 1966 ||| Stepping ~*~*~tactically~*~*~ (hiding).
  1979 | D:3      | HP: 8/33 [orc/+0 trident (4)]
  1985 | D:3      | HP: 6/33 [orc priest/+0 trident (1)]
  1986 | D:3      | HP: 2/33 [orc/+0 trident (4)]
  1986 | D:3      | Killed from afar by an orc priest

Levels and vault maps discovered:
D:1:      eino_arrival_water_cross, layout_loops_cross
D:2:      layout_loops_ring, hangedman_abyss_or_decor_stabs,
          minmay_gold_behind_fungi, uniq_natasha, uniq_terence
D:3:      layout_basic, grunt_ministairs_11, minmay_goblin_outpost

Skill      XL: |  1  2  3  4  5 |
---------------+----------------+-----
Axes           | 2 3 4 5 |  5.0
Fighting       | |  3.6
Armour         | |  3.2
Shields        | |  3.2

Action                   |  1- 3 |  4- 6 || total
-------------------------+-------+-------++-------
Melee: War axe           |    69 |   102 ||   171
  Use: Scroll            |     3 |     1 ||     4
       Potion            |     1 |       ||     1
Armor: Scale mail        |    26 |       ||    26
       Plate armour      |     7 |   100 ||   107
Dodge: Dodged            |    32 |    39 ||    71
Block: Buckler           |    12 |    26 ||    38

Table legend:
 A = Non-vault XP
 B = Vault XP
 C = Vault XP percentage of total XP
 D = Non-vault monster count
 E = Vault monster count
 F = Vault count percentage of total count
                 A         B        C        D         E       F
            +---------+---------+-------+---------+---------+-------
      Total |     181 |      81 |  30.9 |      48 |       7 |  12.7
            +---------+---------+-------+---------+---------+-------
        D:1 |      38 |       0 |   0.0 |      22 |       0 |   0.0
        D:2 |     119 |      71 |  37.4 |      14 |       2 |  12.5
        D:3 |      24 |      10 |  29.4 |      12 |       5 |  29.4
            +---------+---------+-------+---------+---------+-------
